 Dungeon Crawl Stone Soup version 0.21.1-1-g345015f (webtiles) character file.

36 Goblin1989 the Grave Robber (level 3, -1/24 HPs)
             Began as a Demonspawn Necromancer on Mar 18, 2018.
             Slain by a kobold (3 damage)
             ... on level 2 of the Dungeon.
             The game lasted 00:03:09 (1258 turns).

Goblin1989 the Grave Robber (DsNe)                  Turns: 1258, Time: 00:03:09

Health: -1/24      AC:  2    Str:  8    XL:     3   Next: 19%
Magic:  4/6        EV: 12    Int: 17    God:
Gold:   62         SH:  0    Dex: 13    Spells: 4/6 levels left

rFire    . . .     SeeInvis .   n - +2 dagger (drain)
rCold    . . .     Gourm    .   (no shield)
rNeg     . . .     Faith    .   a - +0 robe
rPois    .         Spirit   .   (helmet restricted)
rElec    .         Reflect  .   (no cloak)
rCorr    .         Harm     .   (no gloves)
MR       .....                  (no boots)
Stlth    ++........             (no amulet)
HPRegen  0.08/turn              (no ring)
MPRegen  0.10/turn              (no ring)

@: no status effects
A: horns 1
a: no special abilities


You were on level 2 of the Dungeon.
You were very hungry.

You visited 1 branch of the dungeon, and saw 2 of its levels.

You collected 62 gold pieces.

Inventory:

Hand Weapons
 n - a +2 dagger of draining (weapon)
Missiles
 g - 25 stones (quivered) {@Q3}
 l - 43 sling bullets
Armour
 a - a +0 robe (worn)
Scrolls
 f - 2 scrolls of identify {unknown}
 h - a scroll of immolation {unknown}
 j - a scroll of remove curse {unknown}
Potions
 m - a potion of heal wounds {unknown}
Books
 b - a book of Necromancy

   Spells                             Type                      Level
   a - Pain                           Necromancy                   1
   b - Animate Skeleton               Necromancy                   1
   c - Vampiric Draining              Necromancy                   3
   d - Regeneration                   Charms/Necromancy            3
   e - Animate Dead                   Necromancy                   4
   f - Borgnjor's Vile Clutch         Necromancy/Earth             5
Comestibles
 e - 2 rations


   Skills:
 * Level 1.0 Short Blades
 - Level 1.7 Dodging
 - Level 1.7 Stealth
 + Level 2.4 Spellcasting
 * Level 5.1 Necromancy


You had 4 spell levels left.
You knew the following spells:

 Your Spells              Type           Power        Failure   Level  Hunger
a - Pain                  Necr           ###.         2%          1    #......
b - Animate Skeleton      Necr           N/A          2%          1    #......


Dungeon Overview and Level Annotations

Branches:
Dungeon (2/15)

Altars:


Innate Abilities, Weirdness & Mutations

You have a pair of small horns on your head.


Message History

Wield which item (- for none, * to show all)? (? for menu, Esc to quit)
You sense an unholy aura.
n - a +2 dagger of draining (weapon)
Unknown command.
Drop what? 12/52 slots (_ for help) (? for menu, Esc to quit)
You drop a +0 dagger.
Unknown command.
Setting a skill training target for Short Blades at 10.0.
You enter the shallow water.
Moving in this stuff is going to be slow.
You now have 62 gold pieces (gained 14).
You enter the shallow water.
Moving in this stuff is going to be slow.
You swap places.
You enter the shallow water.
Moving in this stuff is going to be slow.
You enter the shallow water.
Moving in this stuff is going to be slow.
All of the chunks of flesh in your inventory have rotted away.
Your kobold skeleton hits the plant but does no damage. x2
Your kobold skeleton hits the plant but does no damage.
Your kobold skeleton splashes around in the water.
You open the door.
There is an open door here.
You are feeling hungry.
There is an open door here.
You open the door.
There is an open door here.
You open the door.
There is an open door here.
You see here an inedible chunk of flesh.
You enter the shallow water.
Moving in this stuff is going to be slow.
You enter the shallow water.
Moving in this stuff is going to be slow.
You enter the shallow water.
Moving in this stuff is going to be slow.
You are feeling very hungry.
You enter the shallow water.
Moving in this stuff is going to be slow.
Done exploring.
(D) Dungeon
Where to? (? - help)
There is a stone staircase leading down here.
You climb downwards.
Marking area around Jessica as unsafe for travelling.
Jessica the Apprentice Sorceress comes into view.
Jessica shouts!
You hear a shout!
There is a stone staircase leading up here.
You barely miss Jessica. Jessica hits you.
You take 2 damage, and have 17/19 hp.
You barely miss Jessica. You headbutt Jessica.
Jessica is lightly wounded.
Jessica hits you.
A kobold comes into view.
You take 4 damage, and have 13/19 hp.
MASSIVE DAMAGE!!
You hit Jessica.
Jessica is moderately wounded.
Jessica points at you and mumbles some strange words.
You barely resist.
Casting: Animate Skeleton
Confirm with . or Enter, or press ? or * to list all spells.
Aiming: Pain
Press: ? - help, Shift-Dir - straight line, f - Jessica
Aim: Jessica, wearing a robe (moderately wounded, chance to defeat MR: 82%) Jessica writhes in agony!
The kobold throws a stone.
The stone closely misses you. Jessica hits you.
* * * LOW HITPOINT WARNING * * *
You take 6 damage, and have 7/19 hp.
MASSIVE DAMAGE!!
You now have 4/5 mp.
You hit Jessica.
Jessica is almost dead.
Jessica misses you.
You barely miss Jessica.
Jessica is almost dead.
The kobold hits you.
* * * LOW HITPOINT WARNING * * *
Jessica hits you.
* * * LOW HITPOINT WARNING * * *
You take 3 damage, and have 4/19 hp.
You hit Jessica but do no damage. You drain Jessica!
You kill Jessica!
Your Short Blades skill increases to level 1!
Your Necromancy skill increases to level 5!
You have reached level 3!
Your experience leads to an increase in your attributes!
Increase (S)trength, (I)ntelligence, or (D)exterity?
You feel clever. The kobold hits you.
* * * LOW HITPOINT WARNING * * *
Unknown command.
A worm comes into view.
The kobold hits you.
* * * LOW HITPOINT WARNING * * *
Things that are here:
a robe; a sapphire potion; the human corpse of Jessica You take 3 damage, and have 2/24 hp.
The kobold misses you.
There is a stone staircase leading up here.
The kobold hits you.
You die...

..█ ..██
...█ ...█
w..█ ...█
████%█.██..
█..[.......
█.@K...██..
█(..████
██.██ █.█
█.█ ..█ ███


You could see a kobold.

Vanquished Creatures
  Jessica (D:2)
  2 goblins (D:1)
  3 hobgoblins (D:1)
  A kobold (D:1)
  A bat (D:1)
  2 rats (D:1)
10 creatures vanquished.

Notes
Turn   | Place    | Note
-------+----------+-------------------------------------------
     0 | D:1      | Goblin1989 the Demonspawn Necromancer began the quest for the Orb.
     0 | D:1      | Reached XP level 1. HP: 13/13 MP: 3/3
     2 | D:1      | Learned a level 1 spell: Animate Skeleton
   791 | D:1      | Gained mutation: You have a pair of small horns on your head. [demonic ancestry]
   791 | D:1      | Reached XP level 2. HP: 19/19 MP: 3/5
  1248 | D:2      | Noticed Jessica
  1255 | D:2      | Killed Jessica
  1255 | D:2      | Reached skill level 1 in Short Blades
  1255 | D:2      | Reached skill level 5 in Necromancy
  1255 | D:2      | Reached XP level 3. HP: 6/24 MP: 4/6
  1258 | D:2      | Slain by a kobold

Skill      XL: |  1  2 |
---------------+-------+-----
Short Blades   | 1 |  1.0
Necromancy     | 5 |  5.1
Dodging        | |  1.7
Stealth        | |  1.7
Spellcasting   | |  2.4

Action                   || total
-------------------------++-------
Melee: Unarmed           ||     5
       Dagger            ||     6
       Headbutt          ||     1
 Cast: Pain              ||    15
       Animate Skeleton  ||     1
Armor: Robe              ||     2
Dodge: Dodged            ||     5

Vault maps used:
D:1:      dpeg_arrival_signposts, serial_bayou, serial_bayou_ford_a,
          serial_bayou_pond_c, serial_bayou_pond_a, serial_bayou_pond_a,
          serial_bayou_lagoon_a
D:2:      uniq_jessica
